 Dungeon Crawl Stone Soup version 0.30-a0-54-g2e61a25929 (webtiles) character file.

Game seed: 6965321062182098636

7 PyroL the Sneak (level 1, -8/9 HPs)
             Began as a Spriggan Enchanter on Sept 7, 2022.
             Mangled by a worm (9 damage)
             ... on level 2 of the Dungeon.
             The game lasted 00:01:57 (870 turns).

PyroL the Sneak (Spriggan Enchanter)                 Turns: 870, Time: 00:01:57

Health: -8/9       AC:  2    Str:  4    XL:     1   Next: 83%
Magic:  5/5        EV: 17    Int: 16    God:
Gold:   43         SH:  0    Dex: 15    Spells: 5/5 levels left

rFire   . . .      SeeInvis +    a - +1 dagger
rCold   . . .      Faith    .    (no shield)
rNeg    . . .      Spirit   .    b - +0 robe
rPois   .          Reflect  .    (helmet restricted)
rElec   .          Harm     .    (no cloak)
rCorr   +          Rampage  .    (gloves unavailable)
Will    .....                    (boots unavailable)
Stlth   +++.......               (no amulet)
HPRegen 0.03/turn                h - ring of resist corrosion
MPRegen 0.09/turn                (no ring)

@: very quick
A: very small, no large weapons, unfitting armour, see invisible, speed 3
a: no special abilities


You were on level 2 of the Dungeon.
You visited 1 branch of the dungeon, and saw 2 of its levels.

You collected 43 gold pieces.

Inventory:

Hand Weapons
 a - a +1 dagger (weapon)
Missiles
 i - 6 poisoned darts (quivered)
Armour
 b - a +0 robe (worn)
Jewellery
 h - a ring of resist corrosion (left hand)
Scrolls
 d - a scroll of noise {unknown}
 e - a scroll of amnesia {unknown}
 f - a scroll of summoning {unknown}
 g - a scroll of identify {unknown}
 j - a scroll of magic mapping {unknown}
Potions
 c - 2 potions of invisibility


   Skills:
 + Level 1.4 Short Blades
 - Level 2.6 Dodging
 + Level 4.6 Stealth
 - Level 2.6 Spellcasting
 * Level 4.0 Hexes


You had 5 spell levels left.
You didn't know any spells.
Your spell library contained the following spells:

 Spells                   Type           Power      Damage    Failure   Level
 Confusing Touch          Hex            14%        N/A       11%         3
 Tukima's Dance           Hex            14%        N/A       11%         3
 Ensorcelled Hibernation  Hex/Ice        16%        N/A       13%         2
 Dazzling Flash           Conj/Hex       16%        N/A       26%         3


Dungeon Overview and Level Annotations

Branches:
Dungeon (2/15)

Altars:


Innate Abilities, Weirdness & Mutations

You are very small and have problems with some larger weapons.
You are too small for most types of armour.
You have supernaturally acute eyesight. (SInv)
You cover ground extremely quickly. (Speed+++)


Message History

You see here 12 gold pieces.
You now have 43 gold pieces (gained 12).
You hit the worm but do no damage. You hit the worm but do no damage.
The worm barely misses you.
You barely miss the worm. You hit the worm.
The worm is lightly wounded.
The worm misses you.
You hit the worm.
The worm is moderately wounded.
You hit the worm but do no damage.
The worm is moderately wounded.
The worm bites you.
You hit the worm.
The worm is heavily wounded.
You hit the worm.
The worm is heavily wounded.
The worm misses you.
You hit the worm.
The worm is severely wounded.
You hit the worm.
The worm is almost dead.
The worm barely misses you.
You hit the worm.
The worm is almost dead.
The worm closely misses you.
You hit the worm but do no damage.
The worm is almost dead.
You barely miss the worm.
The worm is almost dead.
The worm bites you.
Ouch! That really hurt!
* * * LOW HITPOINT WARNING * * *
You hit the worm.
The worm is almost dead.
You hit the worm.
The worm is severely wounded.
The worm bites you!
Ouch! That really hurt!
You die...

########.#
#........#
#.######## #.#
#.# #.# #.#
#.############.#
#..@w..........#
################


You could see a worm.

Vanquished Creatures
  A ball python (D:1)
  A goblin (D:1)
  2 kobolds
  A frilled lizard (D:1)
  2 rats
7 creatures vanquished.

Notes
Turn   | Place    | Note
-------+----------+-------------------------------------------
     0 | D:1      | PyroL the Spriggan Enchanter began the quest for the Orb.
     0 | D:1      | Reached XP level 1. HP: 9/9 MP: 5/5
   206 | D:1      | Found a faded altar of an unknown god.
   870 | D:2      | Mangled by a worm

Illustrated notes

Levels and vault maps discovered:
D:1:      minmay_arrival_five_plusses, layout_basic,
          dreamdust_ecumenical_altar_hidden_monk_grotto
D:2:      layout_basic

Skill      XL: |  1 |
---------------+----+-----
Hexes          | 4 |  4.0
Short Blades   | |  1.4
Dodging        | |  2.6
Stealth        | |  4.6
Spellcasting   | |  2.6

Action                   || total
-------------------------++-------
Melee: Dagger            ||    26
 Stab: Sleeping          ||     4
Dodge: Dodged            ||     8

Table legend: (Time is in decaauts)
 A = Elapsed time spent in this place.
 B = Non-inter-level travel time spent in this place.
 C = Inter-level travel time spent in this place.
 D = Time resting spent in this place.
 E = Time spent auto-exploring this place.
 F = Levels seen in this place.
 G = Mean time per level.
                   A        B        C        D        E       F      G
               +--------+--------+--------+--------+--------+-----+--------+
         Total |    553 |    526 |     27 |      0 |    448 |   2 |  276.5 |
       Dungeon |    553 |    526 |     27 |      0 |    448 |   2 |  276.5 |
               +--------+--------+--------+--------+--------+-----+--------+

Top non-repeatable levels by time:
     D:1: 465 daAuts
     D:2: 88 daAuts
